 Dungeon Crawl Stone Soup version 0.30-a0-900-g23479c02f2 (webtiles) character file.

Game seed: 3449340680739516131

249 timneilson the Covered (level 6, 0/38 HPs)
             Began as a Gargoyle Fighter on Mar 18, 2023.
             Slain by an adder (1 damage)
             ... in a sewer.
             The game lasted 00:05:39 (2461 turns).

timneilson the Covered (Gargoyle Fighter)           Turns: 2461, Time: 00:05:39

Health: 0/38       AC: 14    Str: 18 (20) XL:     6   Next: 12%
Magic:  6/6        EV:  7    Int:  8      God:
Gold:   170        SH:  4    Dex:  8 (11) Spells: 5/5 levels left

rFire   + . .      SeeInvis .    a - +1 long sword
rCold   . . .      Faith    .    c - +0 buckler
rNeg    + . .      Spirit   .    p - +0 chain mail
rPois   ∞          Reflect  .    (no helmet)
rElec   +          Rampage  .    (no cloak)
rCorr   .                        (no gloves)
Will    +....                    (no boots) Stlth
                                 (no amulet)
HPRegen 0.26/turn                n - ring of protection from fire
MPRegen 0.10/turn                e - ring of willpower

@: hasted, very quick
A: sickness immunity, AC +4, negative energy resistance 1, electricity
resistance, torment resistance 1, petrification resistance
a: no special abilities


You were in a sewer.
You visited 1 branch of the dungeon, and saw 3 of its levels.
You also visited: Sewer.

You collected 170 gold pieces.

Inventory:

Hand Weapons
 a - a +1 long sword (weapon)
Armour
 b - a +0 scale mail
 c - a +0 buckler (worn)
 o - a +0 plate armour
 p - a +0 chain mail (worn)
Jewellery
 e - a ring of willpower (right hand)
 n - a ring of protection from fire (left hand)
Wands
 j - a wand of roots (11)
 q - a wand of flame (24)
Scrolls
 i - a scroll of enchant weapon
 k - a scroll of summoning {unknown}
 r - a scroll of magic mapping {unknown}
 s - 2 scrolls of identify
Potions
 d - a potion of might
 f - 4 potions of haste
 g - a potion of invisibility
 l - a potion of berserk rage
 m - a potion of degeneration
 t - a potion of cancellation


   Skills:
 + Level 4.0 Fighting
 * Level 3.1 Long Blades
 * Level 4.5 Armour
 + Level 1.3 Dodging
 * Level 4.5 Shields
 + Level 0.8 Evocations


You had 5 spell levels left.
You didn't know any spells.
Your spell library contained the following spells:

 Spells                   Type           Power      Damage    Failure   Level
 Alistair's Intoxication  Tmut/Pois      0%         N/A       100%        5
 Borgnjor's Vile Clutch   Necr/Erth      0%         N/A       100%        5
 Eringya's Noxious Bog    Tmut/Pois      0%         N/A       100%        6


Dungeon Overview and Level Annotations

Branches:
Dungeon (3/15)              Sewer (1/1)

Altars:
Wu Jian

Shops:
D:2 [


Innate Abilities, Weirdness & Mutations

You are immune to sickness and miasma.
Your stone body is resilient. (AC +4)
You are immune to poison.
You resist negative energy. (rN+)
You are resistant to electric shocks. (rElec)
You are resistant to unholy torment.
You are immune to petrification.


Message History

The bullfrog hits you but does no damage.
The adder bites you but does no damage.
You miss the bullfrog.
The bullfrog is severely wounded.
The bullfrog closely misses you. You block the adder's attack.
The adder bites you but does no damage. The bullfrog hits you.
The adder bites you but does no damage. The bullfrog barely misses you.
You block the adder's attack. The adder bites you but does no damage.
You hit the bullfrog but do no damage.
The bullfrog is severely wounded.
The bullfrog hits you but does no damage.
The adder bites you but does no damage. The bullfrog hits you.
* * * LOW HITPOINT WARNING * * *
You block the bullfrog's attack. You block the adder's attack.
The adder bites you but does no damage.
It was a potion of resistance.
You feel protected. The adder completely misses you.
The bullfrog barely misses you.
The bullfrog hits you but does no damage.
You block the adder's attack. x2
It was a potion of cancellation.
Your magical effects are unravelling.
You feel magically purged.
You feel yourself slow down.
Your resistance to elements expires.
The bullfrog hits you but does no damage.
The adder closely misses you.
The bullfrog hits you but does no damage.
The adder bites you.
* * * LOW HITPOINT WARNING * * *
You feel yourself speed up. You block the adder's attack.
The bullfrog hits you.
* * * LOW HITPOINT WARNING * * *
The adder bites you but does no damage.
The bullfrog swells and bulges.
The bullfrog hits you.
* * * LOW HITPOINT WARNING * * *
The adder barely misses you.
The bullfrog hits you but does no damage.
The adder bites you.
You die...

#....'..# #....#..#
##.†.####
#†...###################
#.....#~≈≈≈≈≈≈≈≈≈≈≈≈≈≈..
##.....~~~≈≈≈≈≈≈≈≈~≈~≈~.
#.....~~~~≈≈~S≈~~~~~≈~.
#.....≈≈≈~~~#FS≈~~~≈~.S
##....~≈≈~~#~@FS≈≈≈≈~..
###.#~~≈≈≈~≈SSl~≈≈≈≈#.
###################


You could see 2 bullfrogs, 3 adders, 2 ball pythons and a frilled lizard.

Vanquished Creatures
  An orc wizard (D:3)
  9 adders
  6 river rats
  A worm (D:3)
  2 orcs (D:3)
  12 ball pythons
  6 endoplasms
  7 goblins
  5 hobgoblins
  5 jackals
  6 kobolds
  A quokka (D:1)
  4 bats
  2 frilled lizards
  27 rats
94 creatures vanquished.

Notes
Turn   | Place    | Note
-------+----------+-------------------------------------------
     0 | D:1      | timneilson the Gargoyle Fighter began the quest for the
                  | Orb.
     0 | D:1      | Reached XP level 1. HP: 14/14 MP: 1/1
     2 | D:1      | Noticed a demonspawn zombie
     4 | D:1      | Noticed an ogre
     6 | D:1      | Noticed a troll
     8 | D:1      | Noticed a human
    13 | D:1      | Noticed a ghoul
    15 | D:1      | Noticed an elf
    15 | D:1      | Noticed a ghoul
    15 | D:1      | Noticed a vine stalker
   181 | D:1      | Reached XP level 2. HP: 11/19 MP: 2/2
   614 | D:1      | Reached XP level 3. HP: 23/23 MP: 3/3
   902 | D:2      | Found Bug Nink's Antique Armour Emporium.
  1310 | D:2      | Reached XP level 4. HP: 26/28 MP: 4/4
  1595 | D:3      | Found an ornate altar of the Wu Jian Council.
  1725 | D:3      | Found a glowing drain.
  1752 | D:3      | Reached skill level 1 in Dodging
  1799 | Sewer    | Entered a sewer
  1853 | Sewer    | Reached XP level 5. HP: 32/32 MP: 5/5
  2261 | Sewer    | Reached XP level 6. HP: 9/38 MP: 6/6
  2461 | Sewer    | HP: 1/38 [bullfrog (5)]
  2461 | Sewer    | Slain by an adder

Illustrated notes

Levels and vault maps discovered:
D:1:      shiori_arrival_whats_in_store_for_you, layout_loops_ring,
          chequers_serial_rivers_marsh
D:2:      layout_loops_ring, serial_shops, shop
D:3:      layout_basic, amcnicky_altar_gilded, okawaru_metal_pillars_1_2,
          portal_sewer_entry_a, serial_shops, nicolae_shop_behind_doors
Sewer:    sewer_minmay_w

Skill      XL: |  1  2  3  4  5  6 |
---------------+-------------------+-----
Long Blades    | 2 3 |  3.1
Armour         | 4 |  4.5
Shields        | 4 |  4.5
Dodging        | 1 |  1.3
Fighting       | 4 |  4.0
Evocations     | |  0.8

Action                     |  1- 3 |  4- 6 || total
---------------------------+-------+-------++-------
  Melee: Long sword        |   154 |   242 ||   396
    Use: Scroll            |     5 |     3 ||     8
         Potion            |       |     8 ||     8
 Armour: Scale mail        |    84 |     4 ||    88
         Chain mail        |       |   328 ||   328
  Dodge: Dodged            |    76 |   176 ||   252
  Block: Buckler           |    40 |    92 ||   132

Table legend: (Time is in decaauts)
 A = Elapsed time spent in this place.
 B = Non-inter-level travel time spent in this place.
 C = Inter-level travel time spent in this place.
 D = Time resting spent in this place.
 E = Time spent auto-exploring this place.
 F = Levels seen in this place.
 G = Mean time per level.
                   A        B        C        D        E       F      G
               +--------+--------+--------+--------+--------+-----+--------+
         Total |   2620 |   2596 |     24 |    217 |   1433 |   4 |  655.0 |
       Dungeon |   1872 |   1848 |     24 |     24 |   1197 |   3 |  624.0 |
         Sewer |    747 |    747 |      0 |    193 |    236 |   1 |  747.0 |
               +--------+--------+--------+--------+--------+-----+--------+

Top non-repeatable levels by time:
     D:2: 830 daAuts
     D:1: 790 daAuts
   Sewer: 747 daAuts
     D:3: 251 daAuts
